 Dungeon Crawl Stone Soup version 0.23.0 (webtiles) character file.

Game seed: 9344819566924014064

350254 Dazliare the Convoker (level 22, -6/142 HPs)
             Began as a Tengu Venom Mage on Feb 17, 2019.
             Was the Champion of Nemelex Xobeh.
             Mangled by a vault warden
             ... wielding a +0 glaive
              (29 damage)
             ... on level 3 of the Vaults.
             The game lasted 02:39:58 (66450 turns).

Dazliare the Convoker (Tengu Venom Mage)           Turns: 66450, Time: 02:39:59

Health: -6/142     AC: 17    Str: 21    XL:     22   Next: 20%
Magic:  29/35      EV: 23    Int: 23    God:    Nemelex Xobeh [******]
Gold:   2164       SH: 12    Dex: 15    Spells: 8/37 levels left

rFire    + . .     SeeInvis .   N - +9 demon trident (vamp)
rCold    + + +     Gourm    .   l - +2 buckler "Ekhugu" {rElec rC+++ MR+ Dex-3}
rNeg     . . .     Faith    .   g - +5 ring mail "Dowioriu" {MR++}
rPois    +         Spirit   .   B - +0 hat of Midnight {MR+ Str+9}
rElec    +         Reflect  +   m - +0 cloak
rCorr    .         Harm     .   d - +2 pair of gloves {Str+3}
MR       +++++                  (boots unavailable)
Stlth    ++........             X - +5 amulet of reflection
HPRegen  0.33/turn              J - ring "Wyuciff" {*Contam rF+ rC++ Stlth+}
MPRegen  0.24/turn              K - ring "Vado" {rElec rPois MR++ Str-3 Dex+4}

@: flying quickly and evasively, studying Crossbows, quick
A: beak, talons 3, able to fly
}: 2/15 runes: barnacled, gossamer
a: Stop Flying, Draw Escape, Draw Destruction, Draw Summoning, Triple Draw, Deal
Four, Stack Five, Renounce Religion


You were on level 3 of the Vaults.
You worshipped Nemelex Xobeh.
Nemelex Xobeh was exalted by your worship.
You were not hungry.

You visited 7 branches of the dungeon, and saw 38 of its levels.
You visited 1 bazaar.
You also visited: Bailey and Gauntlet.

You collected 4885 gold pieces.
You spent 2721 gold pieces at shops.

Inventory:

Hand Weapons
 N - a +9 vampiric demon trident (weapon)
Armour
 d - a +2 pair of gloves of strength (worn)
 f - the +0 hat of Qizoaxey {rElec Regen+ rCorr Int-2}
   (You found it on level 1 of the Vaults)

   It affects your intelligence (-2).
   It insulates you from electricity.
   It increases your rate of regeneration.
   It provides partial protection from all sources of acid and corrosion.
 g - the +5 ring mail "Dowioriu" (worn) {MR++}
   (You found it in a Gauntlet)

   It affects your resistance to hostile enchantments.
 l - the +2 buckler "Ekhugu" (worn) {rElec rC+++ MR+ Dex-3}
   (You bought it in a shop on level 2 of the Elven Halls)

   It affects your dexterity (-3).
   It renders you almost immune to cold.
   It insulates you from electricity.
   It affects your resistance to hostile enchantments.
 m - a +0 cloak (worn)
 y - the +2 hat of the Buccaneer {-Tele MR+ Str+2}
   (You found it on level 1 of the Vaults)

   It affects your strength (+2).
   It affects your resistance to hostile enchantments.
   It prevents most forms of teleportation.
 B - the +0 hat of Midnight (worn) {MR+ Str+9}
   (You found it on level 1 of the Vaults)

   It affects your strength (+9).
   It affects your resistance to hostile enchantments.
Jewellery
 i - the amulet "Nydwirch" {Acrobat +Blink rC- MP+9 Int+2}
   (You took it off an orc warrior in a bailey)

   [amulet of the acrobat]

   It helps you evade while moving and waiting.
   It affects your intelligence (+2).
   It makes you vulnerable to cold.
   It affects your magic capacity (+9).
   It lets you blink.
 s - a +5 ring of protection
 I - an uncursed ring of see invisible
 J - the ring "Wyuciff" (left hand) {*Contam rF+ rC++ Stlth+}
   (You bought it in a shop on level 2 of the Orcish Mines)

   [ring of stealth]

   It protects you from fire.
   It greatly protects you from cold.
   It causes magical contamination when unequipped.
   It makes you more stealthy.
 K - the ring "Vado" (right hand) {rElec rPois MR++ Str-3 Dex+4}
   (You bought it in a shop on level 2 of the Orcish Mines)

   [ring of dexterity]

   It affects your strength (-3).
   It affects your dexterity (+4).
   It insulates you from electricity.
   It protects you from poison.
   It affects your resistance to hostile enchantments.
 L - an uncursed ring of wizardry
 X - a +5 amulet of reflection (around neck)
Wands
 q - a wand of paralysis (25)
 t - a wand of random effects (23)
 C - a wand of acid (5)
 O - a wand of iceblast (26)
 R - a wand of digging (16)
 U - a wand of enslavement (4)
 V - a wand of disintegration (5)
Scrolls
 b - 2 scrolls of torment
 e - 8 scrolls of teleportation
 h - 12 scrolls of remove curse {@r2@r2}
 r - 5 scrolls of fear
 u - 6 scrolls of immolation
 w - 7 scrolls of amnesia
 z - a scroll of holy word
 E - 6 scrolls of vulnerability
 F - 7 scrolls of identify {@r1@r1}
 G - 3 scrolls of magic mapping
 H - 3 scrolls of enchant armour
 T - a scroll of summoning
 Y - 3 scrolls of fog
Potions
 a - 3 potions of cancellation
 j - 14 potions of curing {@q1@q1}
 k - 6 potions of haste
 n - 7 potions of might
 o - 8 potions of lignification
 p - 4 potions of brilliance
 x - 2 potions of invisibility
 D - 2 potions of agility
 M - 7 potions of mutation
 P - 3 potions of berserk rage
 Q - 2 potions of heal wounds
 S - a potion of resistance
Books
 Z - a manual of Crossbows
Miscellaneous
 A - a fan of gales
 W - 2 phantom mirrors
Comestibles
 c - 51 rations
 v - 22 chunks of flesh


   Skills:
 - Level 16.1 Fighting
 - Level 15.0 Polearms
 + Level 12.3 Armour
 - Level 13.0 Dodging
 - Level 2.0 Stealth
 - Level 4.0 Shields
 - Level 8.0 Spellcasting
 - Level 1.3 Conjurations
 - Level 7.0 Hexes
 - Level 4.0 Charms
 - Level 19.0 Summonings
 - Level 13.0 Translocations
 - Level 4.2 Air Magic
 - Level 10.0 Poison Magic
 - Level 12.0 Invocations


You had 8 spell levels left.
You knew the following spells:

 Your Spells              Type           Power        Failure   Level  Hunger
a - Sting                 Conj/Pois      ####         1%          1    None
b - Poisonous Vapours     Pois/Air       #####.       1%          2    None
c - Mephitic Cloud        Conj/Pois/Air  ####....     3%          3    None
d - Olgreb's Toxic Radia  Pois           ######..     1%          4    ###....
e - Spectral Weapon       Hex/Chrm       ####....     3%          3    None
f - Summon Mana Viper     Hex/Summ       ######..     1%          5    #####..
g - Summon Lightning Spi  Summ/Air       ######..     1%          4    ###....
h - Malign Gateway        Summ/Tloc      ######....   12%         7    #######

Your spell library contained the following spells:

 Spells                   Type           Power        Failure   Level  Hunger
 Summon Small Mammal      Summ           ####         0%          1    None
 Apportation              Tloc           ######       1%          1    None
 Confusing Touch          Hex            #####.       1%          1    None
 Corona                   Hex            #####..      1%          1    None
 Shroud of Golubria       Chrm/Tloc      #####.....   1%          2    None
 Slow                     Hex            #####...     1%          2    None
 Confuse                  Hex            #####...     1%          3    None
 Portal Projectile        Hex/Tloc       ######       1%          3    None
 Recall                   Summ/Tloc      N/A          1%          3    None
 Teleport Other           Tloc           ######..     1%          3    None
 Tukima's Dance           Hex            #####...     1%          3    None
 Passage of Golubria      Tloc           N/A          1%          4    ###....
 Aura of Abjuration       Summ           #######...   1%          5    #####..
 Summon Demon             Summ           #######...   1%          5    #####..
 Summon Forest            Summ/Tloc      ######....   1%          5    #####..
 Shadow Creatures         Summ           N/A          1%          6    ######.
 Swiftness                Chrm/Air       ####....     2%          2    None
 Shock                    Conj/Air       ###.         3%          1    None
 Ensorcelled Hibernation  Hex/Ice        ####..       3%          2    None
 Song of Slaying          Chrm           ####....     3%          2    None
 Monstrous Menagerie      Summ           #######...   3%          7    #######
 Summon Greater Demon     Summ           #######...   3%          7    #######
 Dazzling Spray           Conj/Hex       ####..       5%          3    None
 Cause Fear               Hex            #####.....   5%          4    ###....
 Inner Flame              Hex/Fire       ####....     7%          3    None
 Ignite Poison            Fire/Tmut/Pois ###.....     8%          3    None
 Dispersal                Tloc           ######....   8%          6    ######.
 Animate Skeleton         Necr           N/A          10%         1    None
 Sandblast                Erth           #.....       10%         1    None
 Static Discharge         Conj/Air       ###.....     10%         3    None
 Throw Flame              Conj/Fire      ##....       12%         2    None
 Corpse Rot               Necr           N/A          16%         2    None
 Sublimation of Blood     Necr           #.........   16%         2    None
 Airstrike                Air            ####......   17%         4    ###....
 Conjure Flame            Conj/Fire      ##......     22%         3    None
 Leda's Liquefaction      Hex/Erth       ####......   24%         4    ###....
 Venom Bolt               Conj/Pois      #####.....   26%         5    #####..
 Summon Horrible Things   Summ           #######...   26%         8    #######
 Silence                  Hex/Air        #####.....   28%         5    #####..
 Vampiric Draining        Necr           #.........   30%         3    None
 Lightning Bolt           Conj/Air       ###.......   65%         5    #####..
 Iskenderun's Battlesphe  Conj/Chrm      ###.....     67%         5    #####..
 Excruciating Wounds      Chrm/Necr      ###.......   77%         5    #####..
 Spellforged Servitor     Conj/Summ      ######....   78%         7    #######
 Bolt of Draining         Conj/Necr      ##........   91%         5    #####..
 Fireball                 Conj/Fire      ##........   91%         5    #####..
 Irradiate                Conj/Tmut      ##........   91%         5    #####..
 Bolt of Magma            Conj/Fire/Erth ##........   93%         5    #####..
 Agony                    Necr           #.......     95%         5    #####..
 Dispel Undead            Necr           #.......     95%         5    #####..
 Deflect Missiles         Chrm/Air       ####......   96%         6    ######.
 Conjure Ball Lightning   Conj/Air       ###.......   99%         6    ######.
 Bolt of Fire             Conj/Fire      ##........   100%        6    ######.
 Death Channel            Necr           #.........   100%        6    ######.
 Freezing Cloud           Conj/Ice/Air   ###.......   100%        6    ######.
 Hydra Form               Tmut           #.........   100%        6    ######.
 Iron Shot                Conj/Erth      ##........   100%        6    ######.
 Statue Form              Tmut/Erth      #........    100%        6    ######.
 Dragon Form              Tmut           #.........   100%        7    #######
 Orb of Destruction       Conj           ###.......   100%        7    #######
 Ring of Flames           Chrm/Fire      ###.......   100%        7    #######
 Ignition                 Fire           #.........   100%        8    #######
 Shatter                  Erth           #.........   100%        9    #######
 Tornado                  Air            ####......   100%        9    #######


Dungeon Overview and Level Annotations

Branches:
Dungeon (15/15)            Temple (0/1) D:6            Lair (6/6) D:11
 Shoals (4/4) Lair:3       Spider (4/4) Lair:3        Slime (0/5) Lair:5
    Orc (2/2) D:10            Elf (3/3) Orc:2        Vaults (4/5) D:14
  Crypt (0/3) Vaults:3     Depths (0/5) D:15

Altars:
Cheibriados
Dithmenos
Fedhas
Nemelex Xobeh
Qazlal
Ru
Sif Muna
Trog
Uskayaw
Vehumet
Wu Jian
Xom
Zin
Beogh

Shops:
Orc:2 *%(**%:=*   Elf:2 [   Elf:3 ?*?   Vaults:2 (

Annotations:
D:4 2 transporters
D:10 exclusion: downstairs
D:12 exclusion: downstairs
D:15 exclusion: orange crystal statue
Lair:1 exclusion: oklob plant
Lair:2 exclusion: oklob plant
Lair:4 2 transporters, exclusions: downstairs and upstairs, Strat's ghost, journeyman DDAr
Lair:6 1 runed translucent door, Gadfly's ghost, journeyman DsAK
Shoals:2 exclusion: downstairs
Spider:2 1 runed translucent door, Gasha's ghost, adept OpBe
Spider:3 1 runed translucent door, FangTR18's ghost, journeyman MiBe
Spider:4 shit on the spider's grave
Elf:2 5 runed translucent doors, exclusion: 2 ice statues


Innate Abilities, Weirdness & Mutations

You have a beak for a mouth.
You have claws for feet.
You can fly continuously.


Message History

The vault warden is moderately wounded.
The yaktaur looks as sick as possible!
Your spectral weapon hits the vault warden from afar!
The vault warden barely misses you.
The yaktaur shoots a bolt.
You reflect the bolt off an invisible shield around you!
The bolt hits the vault warden!!
The yaktaur shoots a bolt.
The bolt hits you!!
* * * LOW HITPOINT WARNING * * *
You take 25 damage, and have 19/142 hp.
You puncture the vault warden!
You feel better.
You claw the vault warden.
The vault warden is almost dead.
The yaktaur looks as sick as possible!
Your toxic aura wanes.
Your spectral weapon barely misses the vault warden.
You regained 3 hp, and now have 22/142 hp.
Your magical effects are unravelling.
You feel magically purged.
You are no longer corroded.
The vault warden hits you with a +0 glaive!!
You die...
Your body glows with a rainbow of weird colours and disappears.

#.........}..#........#
+............#........#
######'######........#
#....(.# #........#
#......# ######''##
#.#''#.# #..## ###≈≈###
##..# #(≈# ##.. #'@#
##. #...cp.# ##
#.)c(c.# # ########


You could see a vault warden, 3 yaktaurs and a friendly spectral +9 vampiric
demon trident.

Vanquished Creatures
  Arachne (Spider:2)
  Rupert (D:12)
  Jorgrun (Spider:3)
  2 deep elf blademasters (Elf:3)
  2 krakens
  A deep elf master archer (Elf:3)
  An eldritch tentacle (Vaults:3)
  A tengu reaver (Vaults:1)
  8 deep elf sorcerers
  A frost giant (D:15)
  4 vault wardens
  4 emperor scorpions
  2 ghost moths (Spider:4)
  6 ironheart preservers
  A very ugly thing (Vaults:4)
  2 deep elf elementalists (Elf:3)
  3 entropy weavers
  A vampire knight (Vaults:3)
  2 stone giants
  6 deep elf annihilators
  6 deep elf demonologists
  A minotaur (Spider:4)
  4 merfolk javelineers
  6 deep elf death magi
  4 merfolk impalers
  7 yaktaur captains
  2 fire dragons (Vaults:2)
  A rakshasa (Vaults:2)
  2 ice dragons
  Fannar (D:12)
  5 deep elf high priests (Elf:3)
  5 hydras
  2 vault guards (Vaults:3)
  14 ogre magi
  3 catoblepae
  9 centaur warriors
  5 merfolk aquamancers
  A merfolk avatar (Shoals:2)
  34 two-headed ogres
  3 tengu warriors
  A death knight (Vaults:4)
  2 satyrs
  A two-headed ogre (shapeshifter) (Vaults:4)
  A queen ant (Lair:2)
  2 deep troll shamans
  9 dancing weapons
  An orc high priest (D:10)
  6 spriggan berserkers (Elf:1)
  A shadow wraith (Vaults:4)
  13 deep elf knights
  4 hell knights (Vaults:4)
  3 glowing orange brains
  A skeletal warrior (Vaults:4)
  An unseen horror (D:15)
  2 unseen horrors (shapeshifter)
  6 sea snakes
  11 deep trolls
  A flayed ghost (Vaults:4)
  A shadow dragon zombie (Vaults:3)
  5 wizards
  15 deep elf archers
  A phantasmal warrior (Vaults:3)
  12 harpies
  13 orb spiders
  23 ugly things
  4 ironbrand convokers
  16 orc knights
  A harpy (shapeshifter) (Vaults:3)
  5 necromancers
  28 wolf spiders
  47 deep elf magi
  A human zombie (Vaults:3)
  2 stone giant zombies (Vaults:3)
  2 orc sorcerers
  10 cyclopes
  19 slime creatures
  A manticore (shapeshifter) (Vaults:4)
  5 fauns
  13 manticores
  5 moths of wrath
  4 elephants
  7 merfolk sirens
  9 vault sentinels
  8 black mambas
  3 torpor snails
  5 water nymphs
  Maurice (D:12)
  A naga mage (Vaults:1)
  A torpor snail (shapeshifter) (Elf:1)
  10 spiny frogs
  A yaktaur zombie (Vaults:3)
  3 rime drakes
  2 freezing wraiths
  2 kobold demonologists
  10 demonic crawlers
  13 komodo dragons
  2 human skeletons (Vaults:3)
  10 yaktaurs
  3 tengu conjurers
  20 merfolk
  3 trolls
  A meliai (shapeshifter) (Vaults:4)
  10 meliai
  5 polar bears
  3 wind drakes
  12 hornets
  37 jumping spiders
  3 large abominations (Gauntlet)
  2 queen bees
  A hornet (shapeshifter) (D:13)
  7 blink frogs
  A tyrant leech (Lair:1)
  6 dream sheep
  An ettin zombie (Vaults:3)
  6 snapping turtles
  2 hippogriffs (shapeshifter)
  4 hippogriffs
  3 air elementals
  A shadow (D:13)
  13 spriggans (Lair:6)
  66 redbacks
  29 tarantellas
  2 wyverns
  3 wraiths (Vaults:1)
  A human (D:7)
  3 vampires
  50 yaks
  2 golden eyes (shapeshifter)
  4 fire elementals
  6 water elementals
  3 hogs (D:7)
  Grum (D:8)
  4 basilisks
  A hungry ghost (D:6)
  17 vampire mosquitoes
  A warg (shapeshifter) (Vaults:4)
  An insubstantial wisp (Vaults:3)
  2 spatial vortices (Vaults:3)
  6 wargs
  An acid dragon (Vaults:1)
  17 soldier ants
  13 water moccasins
  8 porcupines
  38 orc warriors
  A hell hound (Elf:1)
  A swamp drake (D:8)
  A sky beast (shapeshifter) (Vaults:2)
  An eye of draining (shapeshifter) (Elf:2)
  2 phantoms
  5 black bears
  2 eyes of draining
  2 sky beasts
  4 ice beasts
  38 ogres
  15 boggarts
  6 small abominations (Gauntlet)
  14 crocodiles
  29 wolves
  24 centaurs
  5 big kobolds
  An earth elemental (Elf:1)
  15 bullfrogs
  A wyvern zombie (D:11)
  A scorpion (shapeshifter) (Vaults:4)
  A scorpion (D:6)
  20 killer bees
  An orc simulacrum (Vaults:2)
  5 howler monkeys
  7 wights
  3 electric eels
  5 centaur zombies
  4 crimson imps
  2 bullfrog zombies (D:9)
  A quasit (D:10)
  5 jellies (Lair:5)
  2 bullfrog skeletons
  21 orc priests
  5 hounds
  31 orc wizards
  5 centaur skeletons
  6 iguanas
  38 worker ants
  4 hell rats (Lair:6)
  2 killer bee zombies (D:5)
  A hound zombie (D:10)
  A worker ant zombie (D:5)
  3 gnolls (D:4)
  18 adders
  2 shadow imps
  An ooze (Lair:5)
  4 adder zombies
  3 adder skeletons
  2 worms
  5 leopard geckos
  148 orcs
  4 giant cockroaches
  4 goblins
  5 hobgoblins
  6 jackals
  2 quokkas (D:4)
  A ball python (D:3)
  9 bats
  9 frilled lizards
  17 kobolds
  6 rats
  A tentacle (Shoals:2)
1563 creatures vanquished.

Vanquished Creatures (collateral kills)
  Boris (Vaults:4)
  Nikola (Spider:1)
  A lich (Vaults:1)
  2 deep elf blademasters (Elf:3)
  Agnes (Spider:2)
  Roxanne (D:15)
  A deep elf sorcerer (Elf:3)
  A fire giant (Vaults:3)
  A deep elf elementalist (Elf:3)
  An emperor scorpion (Spider:4)
  2 ironheart preservers (Vaults:4)
  2 very ugly things (Vaults:4)
  2 stone giants (Vaults:4)
  2 entropy weavers
  A deep elf demonologist (Elf:3)
  4 deep elf annihilators (Elf:3)
  Azrael (Elf:1)
  A minotaur (Gauntlet)
  3 merfolk impalers
  Snorg (D:11)
  Erolcha (D:11)
  A fire dragon (Vaults:1)
  A deep elf death mage (Elf:3)
  4 deep elf high priests
  A hell beast (Gauntlet)
  3 yaktaur captains
  2 hydras (Lair:3)
  A death knight (Vaults:1)
  A merfolk avatar (Shoals:4)
  A merfolk aquamancer (Shoals:4)
  A centaur warrior (Vaults:2)
  9 two-headed ogres
  A satyr (Shoals:4)
  A dancing weapon (Elf:1)
  A deep elf knight (Vaults:1)
  2 hell knights (Vaults:4)
  A shadow wraith (Vaults:4)
  A deep troll (Vaults:4)
  A flayed ghost (Vaults:1)
  2 deep elf archers
  2 sea snakes
  3 harpies
  2 phantasmal warriors
  2 ironbrand convokers (Vaults:3)
  A harpy (shapeshifter) (D:15)
  An orb spider (Spider:3)
  5 ugly things
  3 wolf spiders
  An orb spider (shapeshifter) (Vaults:1)
  2 deep elf magi (Elf:3)
  2 manticores
  A faun (shapeshifter) (Elf:1)
  2 cyclopes
  A vault sentinel (Vaults:3)
  2 merfolk sirens
  3 freezing wraiths
  3 demonic crawlers
  A yaktaur (Vaults:2)
  9 merfolk
  2 jumping spiders
  4 slime creatures
  2 snapping turtles
  A dream sheep (Shoals:1)
  A hippogriff (Shoals:1)
  A vampire (Vaults:3)
  A wraith (Vaults:4)
  An air elemental (Elf:1)
  4 redbacks
  3 water elementals
  A wyvern (D:11)
  A hog (shapeshifter) (Vaults:2)
  A warg (Vaults:1)
  3 hell hounds
  4 ogres (Orc:2)
  3 centaurs
  3 wights (D:12)
  A bullfrog zombie (D:12)
  A kobold (D:12)
150 creatures vanquished.

Vanquished Creatures (others)
  A deep elf master archer (Elf:3)
  A deep elf elementalist (Elf:3)
  A fire dragon (Vaults:2)
  2 merfolk aquamancers
  3 deep elf knights
  A deep elf archer (Elf:1)
  A deep elf mage (Elf:2)
  A water nymph (Shoals:4)
  A vault sentinel (Vaults:3)
  A yaktaur (Vaults:2)
  A jumping spider (Spider:1)
  A redback (Spider:1)
  A wraith (D:12)
  A fire elemental (Elf:1)
  An orc warrior (D:12)
  An ogre (Vaults:1)
  2 centaurs (Vaults:2)
  An orc wizard (D:12)
  A worker ant (D:12)
  A ball lightning (D:12)
  2 orcs (D:12)
  20 fungi
  28 plants
  11 spectral weapons
  20 tentacles
  2 withered plants (Spider:2)
107 creatures vanquished.

Grand Total: 1820 creatures vanquished

Notes
Turn   | Place    | Note
-------+----------+-------------------------------------------
     0 | D:1      | Dazliare the Tengu Venom Mage began the quest for the Orb.
     0 | D:1      | Reached XP level 1. HP: 10/10 MP: 4/4
   449 | D:1      | Reached skill level 1 in Fighting
   476 | D:1      | Reached XP level 2. HP: 16/16 MP: 1/6
   528 | D:1      | Learned a level 2 spell: Poisonous Vapours
  1524 | D:2      | Reached XP level 3. HP: 21/21 MP: 2/7
  1529 | D:2      | Learned a level 3 spell: Mephitic Cloud
  2001 | D:3      | Reached XP level 4. HP: 27/27 MP: 1/8
  2134 | D:3      | Found a sparkling altar of Nemelex Xobeh.
  2141 | D:3      | Became a worshipper of Nemelex Xobeh the Trickster
  2171 | D:3      | Received a gift from Nemelex Xobeh
  2628 | D:3      | Gained mutation: You can fly continuously. [Tengu growth]
  2628 | D:3      | Reached XP level 5. HP: 29/32 MP: 5/9
  3097 | D:4      | Found a stormy altar of Qazlal.
  3106 | D:4      | Received a gift from Nemelex Xobeh
  3373 | D:4      | Reached * piety under Nemelex Xobeh
  3583 | D:4      | Reached XP level 6. HP: 28/38 MP: 3/11
  3653 | D:4      | Learned a level 4 spell: Olgreb's Toxic Radiance
  3765 | D:4      | Noticed a deep elf mage
  3810 | D:4      | Found a transporter.
  3824 | D:4      | Found a transporter.
  3999 | D:4      | Received a gift from Nemelex Xobeh
  4007 | D:4      | Found a deep blue altar of Sif Muna.
  4220 | D:4      | You are sucked into a shaft for 2 floors!
  4220 | D:6      | Found a staircase to the Ecumenical Temple.
  4293 | D:5      | Entered Level 5 of the Dungeon
  4534 | D:5      | Noticed a phantom
  4707 | D:4      | Reached XP level 7. HP: 41/43 MP: 8/14
  4750 | D:5      | Reached skill level 5 in Poison Magic
  4882 | D:4      | Got a smoking spear
  4889 | D:5      | Identified the +10 spear of the Vine {holy, rElec} (You
                  | found it on level 4 of the Dungeon)
  5345 | D:5      | Found a glowing silver altar of Zin.
  5367 | D:6      | Reached XP level 8. HP: 46/48 MP: 15/15
  5382 | D:6      | Reached ** piety under Nemelex Xobeh
  5425 | D:6      | Noticed a cyclops
  5460 | D:6      | Killed a cyclops
  6017 | D:6      | Found a sacrificial altar of Ru.
  6206 | D:6      | Reached skill level 5 in Dodging
  6206 | D:6      | Reached XP level 9. HP: 49/52 MP: 16/16
  6354 | D:6      | Received a gift from Nemelex Xobeh
  6376 | D:6      | Found a snail-covered altar of Cheibriados.
  6504 | D:7      | Reached skill level 1 in Invocations
  6839 | D:7      | Received a gift from Nemelex Xobeh
  6950 | D:7      | Found a bloodstained altar of Trog.
  7099 | D:8      | Reached skill level 5 in Invocations
  7102 | D:8      | Reached *** piety under Nemelex Xobeh
  7117 | D:8      | Found a flagged portal.
  7117 | D:8      | Noticed Joseph
  7126 | D:8      | Noticed Joseph
  7126 | D:8      | Joseph changed into Joseph the swamp drake
  7132 | D:8      | Killed Joseph the swamp drake
  7145 | Bailey   | Entered a bailey
  7218 | Bailey   | Noticed an orc knight
  7218 | Bailey   | Noticed an orc knight
  7228 | Bailey   | Received a gift from Nemelex Xobeh
  7233 | Bailey   | Killed an orc knight
  7233 | Bailey   | Reached XP level 10. HP: 51/56 MP: 6/17
  7234 | Bailey   | Killed an orc knight
  7465 | Bailey   | Identified the amulet "Nydwirch" {Acrobat +Blink rC- MP+9
                  | Int+2}
  7713 | Bailey   | Got fine ice dragon scales
  7733 | D:8      | Identified the cursed +0 ice dragon scales of the Crushed
                  | People {rF- rC++ MR+ Regen+ SInv} (You found it in a
                  | bailey)
  7783 | D:8      | Found a hide-covered altar of Uskayaw.
  8021 | D:8      | Found a shimmering altar of Xom.
  8238 | D:8      | Noticed Grum
  8252 | D:8      | Killed Grum
  8432 | D:8      | Found an ornate altar of the Wu Jian Council.
  8550 | D:8      | Found a bloodstained altar of Trog.
  8780 | D:8      | Received a gift from Nemelex Xobeh
  9136 | D:9      | Reached **** piety under Nemelex Xobeh
  9398 | D:9      | Reached XP level 11. HP: 57/61 MP: 3/18
 10231 | D:10     | Entered Level 10 of the Dungeon
 10374 | D:10     | Found a staircase to the Orcish Mines.
 10572 | D:10     | Received a gift from Nemelex Xobeh
 11248 | D:11     | Noticed Snorg
 11253 | D:11     | Killed Snorg
 11253 | D:11     | Reached skill level 10 in Poison Magic
 11253 | D:11     | Reached skill level 10 in Invocations
 11469 | D:11     | Noticed a two-headed ogre
 11586 | D:11     | Received a gift from Nemelex Xobeh
 11637 | D:10     | Reached skill level 5 in Fighting
 11889 | D:11     | Noticed a cyclops
 11903 | D:11     | Killed a cyclops
 12173 | D:11     | Found a staircase to the Lair.
 12192 | D:11     | Noticed a deep elf mage
 12195 | D:11     | Killed a deep elf mage
 12199 | D:11     | Noticed Psyche
 12205 | D:11     | Noticed Psyche
 12205 | D:11     | Psyche changed into Psyche the ice beast
 12213 | D:11     | Killed Psyche the ice beast
 12256 | D:11     | Noticed Erolcha
 12266 | D:11     | Killed Erolcha
 12315 | D:11     | Noticed a deep elf mage
 12334 | D:11     | Killed a deep elf mage
 12577 | Orc:1    | Entered Level 1 of the Orcish Mines
 12628 | D:11     | Received a gift from Nemelex Xobeh
 12641 | D:11     | Reached ***** piety under Nemelex Xobeh
 12654 | D:11     | Found a roughly hewn altar of Beogh.
 12660 | D:11     | Reached XP level 12. HP: 54/72 MP: 3/21
 13111 | D:11     | Killed a two-headed ogre
 13319 | Lair:1   | Entered Level 1 of the Lair of Beasts
 13428 | Lair:1   | Found a gate leading to a gauntlet.
 13437 | Gauntlet | Entered a Gauntlet
 13437 | Gauntlet | Found a transporter.
 13497 | Gauntlet | Found a transporter.
 13513 | Gauntlet | Found a transporter.
 13517 | Gauntlet | Found a transporter.
 13521 | Gauntlet | Received a gift from Nemelex Xobeh
 13538 | Gauntlet | Found a transporter.
 13551 | Gauntlet | Found a transporter.
 13555 | Gauntlet | Noticed a hell beast
 13558 | Gauntlet | Found a transporter.
 13562 | Gauntlet | Found a transporter.
 13585 | Gauntlet | Found a transporter.
 13614 | Gauntlet | Found a transporter.
 13614 | Gauntlet | Found a transporter.
 13618 | Gauntlet | Found a transporter.
 13854 | Gauntlet | Killed a hell beast
 14152 | Gauntlet | Identified the +9 glaive of Excruciating Pain {freeze, rC+
                  | MR+}
 14152 | Gauntlet | Noticed a minotaur
 14166 | Gauntlet | Killed a minotaur
 14178 | Gauntlet | Identified the Volume of Enhancements
 14180 | Gauntlet | Got a sapphire-encrusted ring mail
 14374 | Lair:1   | Reached skill level 1 in Polearms
 14422 | Lair:1   | Found a shadowy altar of Dithmenos.
 14634 | Lair:1   | Identified the +5 ring mail "Dowioriu" {MR++} (You found it
                  | in a Gauntlet)
 14763 | Lair:1   | Received a gift from Nemelex Xobeh
 15057 | Lair:1   | Noticed a four-headed hydra
 15058 | Lair:1   | a four-headed hydra changed into a tyrant leech
 15786 | Lair:2   | Reached skill level 10 in Fighting
 16363 | Lair:2   | Noticed a queen ant
 16371 | Lair:2   | Reached skill level 5 in Polearms
 16392 | Lair:1   | Reached XP level 13. HP: 31/82 MP: 13/23
 17384 | Lair:2   | Learned a level 3 spell: Spectral Weapon
 17877 | Lair:3   | Found a staircase to the Shoals.
 17940 | Lair:3   | You are sucked into a shaft!
 17945 | Lair:4   | Received a gift from Nemelex Xobeh
 18150 | Lair:4   | Noticed Strat's ghost (journeyman DDAr)
 18154 | Lair:4   | Identified the +9 trident "Jaontus" {pierce, Int+6}
 18155 | Lair:4   | Found a bloodstained altar of Trog.
 18156 | Lair:4   | Identified the +5 trident "Nuckel" {protect, +Blink rC-
                  | MR+}
 18206 | Lair:4   | Found a transporter.
 18211 | Lair:4   | Found a transporter.
 18220 | Lair:4   | Received a gift from Nemelex Xobeh
 18953 | Lair:3   | Received a gift from Nemelex Xobeh
 19008 | Lair:3   | Reached skill level 1 in Charms
 19195 | Lair:3   | Reached skill level 10 in Polearms
 19618 | Lair:3   | Found a hole to the Spider Nest.
 19968 | Lair:5   | Received a gift from Nemelex Xobeh
 20052 | Lair:5   | Found a staircase to the Slime Pits.
 20411 | Lair:5   | Received a gift from Nemelex Xobeh
 20552 | Lair:5   | Reached ****** piety under Nemelex Xobeh
 20957 | Lair:6   | Entered Level 6 of the Lair of Beasts
 20969 | Lair:5   | Reached XP level 14. HP: 59/92 MP: 18/24
 21851 | Lair:6   | Found a runed translucent door.
 21852 | Lair:6   | Noticed Gadfly's ghost (journeyman DsAK)
 22143 | Lair:6   | Received a gift from Nemelex Xobeh
 22443 | Lair:6   | Reached skill level 1 in Hexes
 22583 | Lair:6   | Paralysed by a hornet for 2 turns
 24002 | Orc:1    | Received a gift from Nemelex Xobeh
 24407 | Orc:2    | Entered Level 2 of the Orcish Mines
 24407 | Orc:2    | Found Ozu Jeicatz's Antique Weapon Boutique.
 24461 | Orc:2    | Found Biofisid's General Store.
 24465 | Orc:2    | Found Haoquz's Food Boutique.
 24484 | Orc:2    | Found Dafihicu's Assorted Antiques.
 24580 | Orc:1    | Received a gift from Nemelex Xobeh
 24717 | Orc:2    | Bought a scroll of teleportation for 84 gold pieces
 24737 | Orc:2    | Found Ciupo's General Store.
 24740 | Orc:2    | Bought a scroll of teleportation for 45 gold pieces
 25207 | Orc:2    | Reached XP level 15. HP: 28/96 MP: 18/25
 25652 | Orc:2    | Reached skill level 15 in Polearms
 25654 | Orc:2    | Reached skill level 1 in Armour
 25675 | Orc:2    | Found Xienets's Jewellery Shop.
 25675 | Orc:2    | Found Uvael's Food Emporium.
 25676 | Orc:2    | Found Sioguh's General Store.
 25676 | Orc:2    | Found Eczica's Book Shop.
 25683 | Orc:2    | Bought the ring "Wyuciff" {*Contam rF+ rC++ Stlth+} for 477
                  | gold pieces
 25683 | Orc:2    | Bought the ring "Vado" {rElec rPois MR++ Str-3 Dex+4} for
                  | 520 gold pieces
 25687 | Orc:2    | Bought a scroll of teleportation for 33 gold pieces
 25688 | Orc:2    | Bought a book of Summonings for 980 gold pieces
 25694 | Orc:2    | Learned a level 5 spell: Summon Mana Viper
 25737 | Orc:2    | Found a staircase to the Elven Halls.
 26018 | D:12     | Reached skill level 1 in Summonings
 26078 | D:12     | Reached skill level 2 in Summonings
 26080 | D:12     | Noticed Rupert
 26101 | D:12     | Killed Rupert
 26242 | D:12     | Reached skill level 3 in Summonings
 26430 | D:12     | Noticed Fannar
 26436 | D:12     | Killed Fannar
 26536 | D:12     | Reached skill level 5 in Armour
 26720 | D:12     | Noticed Maurice
 26730 | D:12     | Killed Maurice
 26821 | D:12     | Received a gift from Nemelex Xobeh
 26827 | D:12     | Learned a level 4 spell: Summon Lightning Spire
 26949 | D:12     | Identified the +3 long sword of Giruq {slice, +Rage Dex+7}
                  | (You found it on level 12 of the Dungeon)
 26980 | D:12     | Reached skill level 4 in Summonings
 27490 | D:13     | Reached skill level 5 in Summonings
 28035 | D:13     | Received a gift from Nemelex Xobeh
 28308 | D:14     | Received a gift from Nemelex Xobeh
 28452 | D:14     | Reached skill level 6 in Summonings
 28638 | D:14     | Found a blossoming altar of Fedhas.
 28845 | D:14     | Found a gate to the Vaults.
 28859 | D:14     | Received a gift from Nemelex Xobeh
 29107 | D:14     | Reached skill level 7 in Summonings
 29437 | D:15     | Entered Level 15 of the Dungeon
 29470 | D:15     | Reached XP level 16. HP: 101/101 MP: 26/26
 29472 | D:15     | Reached skill level 8 in Summonings
 29856 | D:15     | Reached skill level 9 in Summonings
 29928 | D:15     | Identified Roxanne's Catalogue of Transmigration
 29928 | D:15     | Noticed Roxanne
 30053 | D:15     | Reached skill level 10 in Summonings
 30168 | D:15     | Reached skill level 1 in Air Magic
 30606 | D:15     | Received a gift from Nemelex Xobeh
 30629 | D:15     | Found a staircase to the Depths.
 31155 | D:15     | Killed Roxanne
 31155 | D:15     | Reached skill level 5 in Hexes
 31354 | Spider:1 | Entered Level 1 of the Spider Nest
 31409 | Spider:1 | Noticed Nikola
 32377 | Spider:1 | Killed Nikola
 33149 | Spider:1 | Received a gift from Nemelex Xobeh
 33420 | Spider:1 | Found a roughly hewn altar of Beogh.
 33599 | Spider:1 | Got a pitted spear
 34014 | Spider:2 | Received a gift from Nemelex Xobeh
 34118 | Spider:2 | Reached XP level 17. HP: 73/110 MP: 22/27
 34423 | Spider:2 | Received a gift from Nemelex Xobeh
 34429 | Spider:2 | Found a runed translucent door.
 34430 | Spider:2 | Noticed Gasha's ghost (adept OpBe)
 34469 | Spider:2 | Noticed Frances
 34476 | Spider:2 | Noticed Frances
 34476 | Spider:2 | Frances changed into Frances the emperor scorpion
 34484 | Spider:2 | Killed Frances the emperor scorpion
 34498 | Spider:2 | Noticed Arachne
 34523 | Spider:2 | Killed Arachne
 35044 | Spider:2 | Reached skill level 15 in Fighting
 35506 | Spider:2 | Noticed Agnes
 35518 | Spider:2 | Killed Agnes
 36136 | Spider:3 | Noticed Jorgrun
 36143 | Spider:3 | Killed Jorgrun
 36291 | Spider:3 | Reached skill level 5 in Spellcasting
 36765 | Spider:3 | Received a gift from Nemelex Xobeh
 36894 | Spider:3 | Identified the +8 spear of Vuc Hue {venom, rF+ Str+2 Int-2}
                  | (You found it on level 1 of the Spider Nest)
 36988 | Spider:3 | Found a runed translucent door.
 37113 | Spider:3 | Noticed FangTR18's ghost (journeyman MiBe)
 37262 | Spider:4 | Entered Level 4 of the Spider Nest
 37474 | Spider:4 | Received a gift from Nemelex Xobeh
 38334 | Spider:4 | Identified the +9 halberd "Juleapn" {antimagic, Dex+4}
 38603 | Spider:4 | Learned a level 7 spell: Malign Gateway
 39175 | Spider:4 | Got a gossamer rune of Zot
 39274 | Spider:4 | Reached skill level 1 in Translocations
 40025 | Spider:4 | Reached skill level 10 in Dodging
 40498 | Spider:4 | Reached XP level 18. HP: 92/120 MP: 31/31
 40818 | Shoals:1 | Entered Level 1 of the Shoals
 41363 | Shoals:1 | Received a gift from Nemelex Xobeh
 42373 | Shoals:2 | Reached skill level 5 in Translocations
 42626 | Shoals:2 | Received a gift from Nemelex Xobeh
 44031 | Shoals:3 | Received a gift from Nemelex Xobeh
 44823 | Shoals:3 | Received a gift from Nemelex Xobeh
 45197 | Shoals:3 | HP: 3/120 [kraken (12)]
 45609 | Shoals:4 | Entered Level 4 of the Shoals
 45626 | Shoals:4 | Identified the Collected Works on Captivating Flames
 46636 | Shoals:4 | Identified the +0 long sword "Xaru" {speed, *Corrode +Fly
                  | rN+ MR++}
 47266 | Shoals:4 | Received a gift from Nemelex Xobeh
 47861 | Shoals:4 | Identified the +2 long sword "Giuzxu" {antimagic, Str+3
                  | Dex+3}
 48337 | Shoals:4 | Got a barnacled rune of Zot
 48586 | Elf:1    | Entered Level 1 of the Elven Halls
 48608 | Elf:1    | Found a radiant altar of Vehumet.
 48624 | Elf:1    | Reached XP level 19. HP: 125/125 MP: 20/32
 48642 | Elf:1    | Reached skill level 11 in Summonings
 49132 | Elf:1    | Found a bloodstained altar of Trog.
 50230 | Elf:1    | Reached skill level 12 in Summonings
 50504 | Elf:1    | Noticed Azrael
 50513 | Elf:1    | Killed Azrael
 50726 | Elf:1    | Received a gift from Nemelex Xobeh
 51224 | Elf:2    | Found a huge runed translucent gate.
 51224 | Elf:2    | Found a huge runed translucent gate.
 51224 | Elf:2    | Found a huge runed translucent gate.
 51224 | Elf:2    | Found a huge runed translucent gate.
 51225 | Elf:2    | Found a huge runed translucent gate.
 51318 | Elf:2    | Reached skill level 13 in Summonings
 51466 | Elf:2    | Found Heiryoh's Antique Armour Shoppe.
 51469 | Elf:2    | Bought a faintly humming buckler for 275 gold pieces
 51477 | Elf:2    | Identified the +2 buckler "Ekhugu" {rElec rC+++ MR+ Dex-3}
                  | (You bought it in a shop on level 2 of the Elven Halls)
 51513 | Elf:2    | Reached skill level 1 in Shields
 52184 | Elf:3    | Entered Level 3 of the Elven Halls
 52362 | Elf:3    | Found Siroladd's Magic Scroll Shop.
 52366 | Elf:3    | Found Cefragg's Assorted Antiques.
 52370 | Elf:3    | Received a gift from Nemelex Xobeh
 52370 | Elf:3    | Found Oxowner's Magic Scroll Shop.
 52474 | Elf:3    | Bought a scroll of enchant weapon for 82 gold pieces
 52477 | Elf:3    | Bought a scroll of teleportation for 75 gold pieces
 52479 | Elf:3    | Bought a scroll of enchant weapon for 150 gold pieces
 53435 | Elf:3    | Reached skill level 14 in Summonings
 54510 | Elf:3    | Noticed an Ice Fiend
 55232 | Elf:3    | Reached skill level 15 in Summonings
 56187 | Elf:3    | Reached XP level 20. HP: 119/131 MP: 30/33
 56223 | Elf:3    | Identified the cursed +2 trident "Ofuzomadd" {flame, *Slow
                  | Fragile +Blink Dex+10}
 56223 | Elf:3    | Identified the +10 chain mail of Vobekuif {Str+4}
 56504 | Elf:3    | Reached skill level 16 in Summonings
 57551 | Elf:3    | Reached skill level 17 in Summonings
 57577 | Elf:3    | Identified the Grimoire of Ashen Unholy Secrets
 57583 | Elf:3    | Identified the Incunabulum of Blistering Hexes
 57900 | Vaults:1 | Entered Level 1 of the Vaults
 58163 | Vaults:1 | Received a gift from Nemelex Xobeh
 58678 | Vaults:1 | Found a radiant altar of Vehumet.
 58689 | Vaults:1 | Reached skill level 18 in Summonings
 58699 | Vaults:1 | Got a fine hat
 58705 | Vaults:1 | Identified the cursed +0 hat of Qizoaxey {rElec Regen+
                  | rCorr Int-2} (You found it on level 1 of the Vaults)
 58737 | Vaults:1 | Got a shimmering hat
 58743 | Vaults:1 | Identified the +2 hat of the Buccaneer {-Tele MR+ Str+2}
                  | (You found it on level 1 of the Vaults)
 59097 | Vaults:1 | Received a gift from Nemelex Xobeh
 59139 | Vaults:1 | Got a distressingly furry hat
 59151 | Vaults:1 | Identified the cursed +0 hat of Midnight {MR+ Str+9} (You
                  | found it on level 1 of the Vaults)
 59553 | Vaults:1 | Received a gift from Nemelex Xobeh
 60383 | Vaults:2 | Received a gift from Nemelex Xobeh
 60610 | Vaults:2 | Reached skill level 19 in Summonings
 61506 | Vaults:2 | Reached XP level 21. HP: 29/136 MP: 11/34
 62124 | Vaults:2 | Found Cutaeluso's Weapon Shoppe.
 62205 | Vaults:2 | Received a gift from Nemelex Xobeh
 62344 | Vaults:2 | Reached skill level 10 in Translocations
 62491 | Vaults:2 | You are sucked into a shaft for 2 floors!
 62592 | Vaults:4 | Received a gift from Nemelex Xobeh
 62692 | Vaults:4 | HP: 2/136 [orc warrior/+0 war axe[an orc knight] (11)]
 62949 | Vaults:4 | Found a flickering gateway to a bazaar.
 62969 | Bazaar   | Entered a bazaar
 62977 | Bazaar   | Found Pappamos's Antique Armour Shop.
 62990 | Bazaar   | Found Yggaimnu's Gadget Shop.
 63057 | Vaults:4 | Reached skill level 10 in Armour
 63279 | Vaults:4 | Received a gift from Nemelex Xobeh
 63303 | Vaults:4 | Noticed Boris
 63320 | Vaults:4 | Killed Boris
 64716 | Vaults:2 | Received a gift from Nemelex Xobeh
 65479 | Vaults:3 | Found a staircase to the Crypt.
 65579 | Vaults:3 | Reached XP level 22. HP: 118/142 MP: 32/35
 66069 | Vaults:3 | Identified the Collected Works on Orientation
 66450 | Vaults:3 | Mangled by a vault warden

Skill      XL: |  1  2  3  4  5  6  7  8  9 10 11 12 13 14 15 16 17 18 19 20 21 22 |
---------------+-------------------------------------------------------------------+-----
Fighting       | 1 2 3 4 7 10 12 13 16 | 16.1
Poison Magic   | 4 7 8 9 10 | 10.0
Spellcasting   | 4 8 |  8.0
Dodging        | 5 7 9 10 12 13 | 13.0
Invocations    | 6 9 10 12 | 12.0
Polearms       | 5 10 14 15 | 15.0
Charms         | 3 4 |  4.0
Hexes          | 3 7 |  7.0
Armour         | 9 11 12 | 12.3
Summonings     | 7 10 15 19 | 19.0
Air Magic      | 4 |  4.2
Translocations | 3 8 9 12 13 | 13.0
Shields        | 4 |  4.0
Stealth        | |  2.0
Conjurations   | |  1.3

Action                   |  1- 3 |  4- 6 |  7- 9 | 10-12 | 13-15 | 16-18 | 19-21 | 22-24 || total
-------------------------+-------+-------+-------+-------+-------+-------+-------+-------++-------
Melee: Short sword       |    15 |       |       |       |       |       |       |       ||    15
       Kick              |     3 |    32 |    27 |   122 |   186 |   198 |   376 |    44 ||   988
       Peck              |     1 |    23 |    20 |    73 |    99 |   116 |   234 |    34 ||   600
       Falchion          |     1 |    96 |    13 |       |       |       |       |       ||   110
       Spear             |       |       |   118 |   381 |    49 |       |       |       ||   548
       Glaive            |       |       |       |   100 |   729 |   925 |   167 |       ||  1921
       Demon trident     |       |       |       |       |       |       |  1196 |   162 ||  1358
 Cast: Sting             |    14 |       |       |       |       |       |       |       ||    14
       Poisonous Vapours |    19 |    36 |     9 |    84 |   148 |   229 |    88 |       ||   613
       Mephitic Cloud    |       |     1 |     3 |     5 |     1 |     2 |     1 |       ||    13
       Olgreb's Toxic Ra |       |       |    14 |    65 |   148 |   160 |   132 |    12 ||   531
       Spectral Weapon   |       |       |       |       |     1 |     1 |    24 |     5 ||    31
       Summon Mana Viper |       |       |       |       |       |    33 |    86 |       ||   119
       Summon Lightning  |       |       |       |       |       |    23 |    20 |     1 ||    44
Invok: Triple Draw       |       |       |       |     2 |       |     3 |     4 |       ||     9
 Abil: Fly               |       |     1 |       |       |       |       |       |       ||     1
       Draw Destruction  |       |       |     3 |    10 |     9 |    35 |    18 |       ||    75
       Draw Summoning    |       |       |       |     6 |    12 |    22 |    11 |       ||    51
       Draw Escape       |       |       |       |       |     1 |     4 |     2 |       ||     7
       Evoke Blink       |       |       |       |       |     1 |       |       |       ||     1
Evoke: Wand              |       |       |       |       |     3 |     2 |       |       ||     5
       Fan of gales      |       |       |       |       |       |       |     1 |       ||     1
  Use: Scroll            |       |     8 |    10 |     7 |    12 |    16 |    19 |       ||    72
       Potion            |       |       |       |     2 |     2 |     4 |     3 |     1 ||    12
 Stab: Sleeping          |     1 |     2 |     9 |     5 |     2 |     5 |     6 |     1 ||    31
       Confused          |       |     1 |     1 |     1 |       |     1 |     1 |       ||     5
       Distracted        |       |       |     1 |       |     3 |     8 |    15 |     2 ||    29
       Paralysed         |       |       |     1 |       |       |       |     3 |       ||     4
       Petrifying        |       |       |       |       |       |     1 |       |       ||     1
  Eat: Chunk             |     5 |    11 |    13 |    32 |    54 |    52 |    63 |     4 ||   234
       Ration            |       |       |       |     3 |     4 |    11 |     6 |       ||    24
Armor: Robe              |     7 |     6 |    23 |    26 |       |       |       |       ||    62
       Troll leather arm |       |       |       |    45 |       |       |       |       ||    45
       Ring mail         |       |       |       |    42 |   251 |   407 |   179 |    15 ||   894
Dodge: Dodged            |    17 |    91 |    88 |   463 |   731 |  1285 |   632 |    53 ||  3360
Block: Buckler           |       |       |       |       |       |       |   373 |    50 ||   423
       Other             |       |       |       |       |       |       |    36 |       ||    36
       Reflection        |       |       |       |       |       |       |    65 |    10 ||    75
       Rpst.: Falchion   |       |    27 |     5 |       |       |       |       |       ||    32
